 Dungeon Crawl Stone Soup version 0.31.0-32-g396128a36d (webtiles) character file.

Game seed: 9083661381530924262

19445 PaiMei the Dealer of Despair (level 12, 0/98 HPs)
             Began as a Demonspawn Necromancer on Apr 22, 2024.
             Was an Elder of Kikubaaqudgha.
             Slain by a manticore (12 damage)
             ... on level 12 of the Dungeon.
             The game lasted 00:33:25 (20962 turns).

PaiMei the Dealer of Despair (DsNe)                Turns: 20962, Time: 00:33:26

Health: 0/98       AC:  8    Str:  6 (9)  XL:     12   Next: 36%
Magic:  0/25       EV: 14    Int: 19 (21) God:    Kikubaaqudgha [****..]
Gold:   819        SH:  0    Dex: 10 (13) Spells: 9/30 levels left

rFire   . . .        Q - +4 falchion (freeze)
rCold   . . .        (no shield)
rNeg    . . .        w - +2 leather armour {rPois}
rPois   +            v - +0 helmet
rElec   .            (no cloak)
rCorr   .            (gloves unavailable)
SInv    .            q - +0 pair of boots
Will    +....        (no amulet)
Stlth   +            u - ring of poison resistance
HPRegen 0.36/turn    U - ring of willpower
MPRegen 0.38/turn

%: guardian spirit
@: no status effects
A: magic shield, magic regeneration, sharp scales 1, demonic magic 2, demonic
touch 3, deterioration 2, persistent drain
a: Renounce Religion, Unearth Wretches


You were on level 12 of the Dungeon.
You worshipped Kikubaaqudgha.
Kikubaaqudgha was greatly pleased with you.
You visited 2 branches of the dungeon, and saw 13 of its levels.
You visited the Abyss 1 time.
You also visited: Ossuary and Bailey.

You collected 819 gold pieces.

Inventory:

Hand Weapons
 l - a +2 spear of freezing
 s - a +0 dagger of pain
 L - a +2 trident of draining
 Q - a +4 falchion of freezing (weapon)
Missiles
 a - 23 poisoned darts (quivered)
 R - a curare-tipped dart
Armour
 q - a +0 pair of boots (worn)
 r - a +1 leather armour of fire resistance
 v - a +0 helmet (worn)
 w - a +2 leather armour of poison resistance (worn)
 I - the +1 leather armour "Cypeas" {rPois}
   (You found it on level 8 of the Dungeon)

   rPois:     It protects you from poison
 M - an orb of energy
 P - the +7 chain mail "Igiq" {Slay+3}
   (You found it on level 9 of the Dungeon)

   Slay+3:    It affects your accuracy & damage with ranged weapons and melee
   (+3).
Jewellery
 u - a ring of poison resistance (left hand)
 J - a ring of poison resistance
 U - a ring of willpower (right hand)
Wands
 o - a wand of acid (1)
 t - a wand of polymorph (9)
 x - a wand of iceblast (7)
 H - a wand of charming (6)
 O - a wand of flame (7)
Scrolls
 c - 3 scrolls of brand weapon
 e - 2 scrolls of silence
 g - 2 scrolls of enchant armour {unknown}
 k - 2 scrolls of identify
 n - a scroll of blinking {unknown}
 p - a scroll of immolation {unknown}
 y - a scroll of fog {unknown}
 z - 2 scrolls of teleportation
 A - 2 scrolls of poison
 F - a scroll of torment {unknown}
 G - 3 scrolls of amnesia
 K - a scroll of vulnerability {unknown}
 N - a scroll of acquirement {unknown}
 S - 2 scrolls of revelation {unknown}
Potions
 b - a potion of magic
 d - 3 potions of curing
 f - 5 potions of enlightenment
 h - a potion of heal wounds
 i - a potion of brilliance {unknown}
 j - 3 potions of invisibility
 m - 3 potions of haste {unknown}
 B - 2 potions of resistance {unknown}
 C - 2 potions of attraction {unknown}
 D - a potion of might {unknown}
 E - a potion of degeneration {unknown}
Miscellaneous
 T - a lightning rod (4/4)


   Skills:
 + Level 10.3 Fighting
 + Level 9.7 Dodging
 - Level 2.0 Stealth
 + Level 9.8 Spellcasting
 + Level 12.2 Necromancy


You had 9 spell levels left.
You knew the following spells:

 Your Spells              Type           Power      Damage    Failure   Level
a - Necrotise             Necr           100%       1d9       1%          1
b - Vampiric Draining     Necr           54%        2d9       1%          3
c - Animate Dead          Necr           54%        N/A       1%          4
d - Curse of Agony        Necr           54%        N/A       2%          5
e - Dispel Undead         Necr           54%        3d20      1%          4
f - Anguish               Hex/Necr       16%        N/A       10%         4

Your spell library contained the following spells:

 Spells                   Type           Power      Damage    Failure   Level
 Cigotuvi's Dreadful Rot  Necr/Alch/Air  48%        N/A       3%          2
 Apportation              Tloc           18%        N/A       12%         1
 Death Channel            Necr           27%        N/A       12%         6
 Jinxbite                 Hex            18%        N/A       19%         2
 Call Canine Familiar     Summ           9%         N/A       34%         3
 Hailstorm                Conj/Ice       9%         3d6       34%         3
 Sigil of Binding         Hex            9%         N/A       34%         3
 Summon Ice Beast         Ice/Summ       9%         N/A       34%         3
 Tukima's Dance           Hex            9%         N/A       34%         3
 Dimensional Bullseye     Hex/Tloc       4%         N/A       75%         4
 Passage of Golubria      Tloc           9%         N/A       75%         4
 Alistair's Intoxication  Alch           6%         N/A       97%         5
 Yara's Violent Unravell  Hex/Alch       4%         3d4       97%         5
 Sculpt Simulacrum        Ice/Alch       4%         N/A       100%        6


Dungeon Overview and Level Annotations

Branches:
Dungeon (12/15)            Temple (1/1) D:5            Lair (0/5) D:10
    Orc (0/2) D:12        Ossuary (visited)          Bailey (visited)

Altars:
Ashenzari
Cheibriados
Dithmenos
Fedhas
Gozag
Hepliaklqana
Kikubaaqudgha
Makhleb
Nemelex Xobeh
Okawaru
Qazlal
Ru
Sif Muna
Trog
Uskayaw
Vehumet
Wu Jian
Xom
Yredelemnul

Shops:
D:7 :

Annotations:
D:10 1 transporter, Tripartite's ghost, novice HuCA


Innate Abilities, Weirdness & Mutations

When hurt, damage is shared between your health and your magic reserves.
You regenerate magic rapidly.
You are partially covered in razor-sharp scales. (AC +1, Slay +1)
Spells you cast may paralyse nearby enemies.
Your touch may irresistibly damage your foes and sap their willpower.
Your body often deteriorates upon taking damage.
Your health recovers twice as slowly from being drained.


Message History

The manticore closely misses you. The manticore claws you.
* * * LOW HITPOINT WARNING * * *
The manticore claws you!
* * * LOW HITPOINT WARNING * * *
You feel your dexterity returning.
You feel much better. The manticore bites you!
* * * LOW HITPOINT WARNING * * *
Your body deteriorates!
You feel clumsy. The manticore claws you!
* * * LOW HITPOINT WARNING * * *
Your body deteriorates!
You feel clumsy. The manticore barely misses you.
You feel much better. The manticore bites you!
* * * LOW HITPOINT WARNING * * *
The manticore claws you!
* * * LOW HITPOINT WARNING * * *
Your body deteriorates!
You feel weakened. The manticore claws you.
* * * LOW HITPOINT WARNING * * *
Okay, then.
You feel much better. The manticore bites you!
* * * LOW HITPOINT WARNING * * *
The manticore misses you. The manticore closely misses you.
Aiming: Corrosive Bolt
Press: ? - help, Shift-Dir - straight line, f - manticore
Aim: a manticore (83% to hit)
The bolt of acid misses the manticore.
The manticore bites you.
* * * LOW HITPOINT WARNING * * *
The manticore claws you but does no damage.
The manticore claws you.
* * * LOW HITPOINT WARNING * * *
Aiming: Corrosive Bolt
Press: ? - help, Shift-Dir - straight line, f/p - manticore
Aim: a manticore (83% to hit)
The bolt of acid hits the manticore!
The acid corrodes the manticore!
The manticore is lightly wounded.
You carefully extract the barbed spikes from your body.
The manticore bites you!
You die...
Kikubaaqudgha rasps: "You have failed me!
Welcome... death!"

#[ #Y# #.# # #Y# #.# #
#####Y# # ##.#### #
...... .. ##...#.#####
#.#.# #.##...........
#$.####..............
#..†@H..##........###
##..####...........#
#...# ######.##...#
#...#..#########.##.#.#
##. #............##...#
# ########.#####..#.#
#.# #)...# #.#
##....### #.# #........


You could see a manticore (corroded).

Vanquished Creatures
  Erolcha (D:9)
  A centaur warrior (D:11)
  3 two-headed ogres
  Pikel (D:8)
  A deep elf pyromancer (D:12)
  3 cyclopes
  Joseph (D:8)
  A gargoyle (D:12)
  2 unseen horrors
  A kobold demonologist (D:12)
  2 komodo dragons
  A rime drake (D:10)
  A hornet (D:8)
  6 slime creatures
  A wraith (D:12)
  Eustachio (D:4)
  26 yaks
  A wyvern (D:9)
  A steam dragon (D:6)
  2 acid dragons
  A water moccasin (D:8)
  Duvessa (D:5)
  5 orc warriors
  8 ice beasts
  2 black bears
  2 sky beasts
  5 wolves (D:10)
  7 centaurs
  A phantom (D:7)
  5 bullfrogs
  6 kobold brigands
  3 scorpions
  A burial acolyte (Ossuary)
  12 wights
  Dowan (D:5)
  11 killer bees (D:8)
  A howler monkey (D:7)
  7 orc priests
  3 jellies
  A gnoll bouda (D:6)
  5 hounds
  A sleepcap (D:7)
  An iguana (D:4)
  6 orc wizards
  A mummy (Ossuary)
  Robin (D:4)
  8 gnolls
  2 adders
  3 shadow imps
  A white imp (D:7)
  6 ufetubi (D:6)
  6 dart slugs
  A ribbon worm (D:4)
  38 orcs
  6 endoplasms
  A giant cockroach (D:4)
  20 goblins
  7 hobgoblins
  9 jackals
  4 quokkas
  7 ball pythons
  9 bats
  A frilled lizard (D:1)
  6 gnoll skeletons (Ossuary)
  21 kobolds
  9 kobold skeletons (Ossuary)
  5 orc skeletons (Ossuary)
  3 rats
328 creatures vanquished.

Vanquished Creatures (collateral kills)
  A deep elf pyromancer (D:8)
  Jeremiah (D:8)
  A killer bee (D:8)
  An iguana (D:7)
  2 goblins (D:4)
  A kobold (D:8)
7 creatures vanquished.

Vanquished Creatures (others)
  2 two-headed ogre zombies
  A centaur zombie (D:7)
  A sky beast zombie (D:7)
4 creatures vanquished.

Grand Total: 339 creatures vanquished

Notes
Turn   | Place    | Note
-------+----------+-------------------------------------------
     0 | D:1      | PaiMei the Demonspawn Necromancer began the quest for the
                  | Orb.
     0 | D:1      | Reached XP level 1. HP: 13/13 MP: 3/3
    77 | D:1      | Gained mutation: You regenerate magic rapidly. [demonic
                  | ancestry]
    77 | D:1      | Reached XP level 2. HP: 14/19 MP: 1/5
   318 | D:1      | Gained mutation: When hurt, damage is shared between your
                  | health and your magic reserves. [demonic ancestry]
   318 | D:1      | Reached XP level 3. HP: 25/25 MP: 1/6
   412 | D:1      | Found a faded altar of an unknown god.
   800 | D:2      | Reached skill level 1 in Fighting
  1283 | D:3      | Learned a level 3 spell: Vampiric Draining
  1289 | D:3      | Found a bloodstained altar of Trog.
  1291 | D:3      | Found a burning altar of Makhleb.
  1292 | D:3      | Found a shadowy altar of Dithmenos.
  1300 | D:3      | Found a basalt altar of Yredelemnul.
  1301 | D:3      | Found a stormy altar of Qazlal.
  1311 | D:3      | Found an iron altar of Okawaru.
  1311 | D:3      | Found a sacrificial altar of Ru.
  1314 | D:3      | Found a radiant altar of Vehumet.
  1318 | D:3      | Found a shimmering altar of Xom.
  1319 | D:3      | Found a broken altar of Ashenzari.
  1693 | D:3      | Reached XP level 4. HP: 31/32 MP: 2/7
  2090 | D:4      | Noticed Eustachio
  2108 | D:3      | Reached skill level 5 in Necromancy
  2960 | D:4      | Killed Eustachio
  2961 | D:4      | Gained mutation: Your touch may inflict minor irresistible
                  | damage on your foes. [demonic ancestry]
  2961 | D:4      | Reached XP level 5. HP: 14/39 MP: 1/10
  3165 | D:4      | Gained mutation: Spells you cast may paralyse adjacent
                  | enemies. [demonic ancestry]
  3165 | D:4      | Reached XP level 6. HP: 40/46 MP: 0/11
  4381 | D:4      | Reached skill level 6 in Necromancy
  4555 | D:4      | Gained mutation: You are partially covered in razor-sharp
                  | scales. (AC +1, Slay +1) [demonic ancestry]
  4555 | D:4      | Reached XP level 7. HP: 52/52 MP: 10/12
  4560 | D:4      | Noticed Robin
  4566 | D:4      | Killed Robin
  4725 | D:5      | Entered Level 5 of the Dungeon
  5228 | D:5      | Noticed Duvessa
  5228 | D:5      | Noticed Dowan
  5701 | D:5      | Killed Duvessa
  6033 | D:5      | Killed Dowan
  6034 | D:5      | Gained mutation: Your touch may inflict irresistible damage
                  | on your foes. [demonic ancestry]
  6034 | D:5      | Reached XP level 8. HP: 57/60 MP: 0/14
  6136 | D:5      | Found a staircase to the Ecumenical Temple.
  6302 | Temple   | Entered the Ecumenical Temple
  6308 | Temple   | Learned a level 4 spell: Animate Dead
  6321 | Temple   | Became a worshipper of Kikubaaqudgha
  6596 | D:6      | Reached skill level 7 in Necromancy
  6677 | D:6      | Reached skill level 5 in Spellcasting
  6752 | D:6      | Reached skill level 5 in Dodging
  6810 | D:6      | Reached skill level 5 in Fighting
  7586 | D:6      | Reached XP level 9. HP: 64/68 MP: 10/17
  7847 | D:7      | Reached skill level 8 in Necromancy
  7923 | D:7      | Reached * piety under Kikubaaqudgha
  7923 | D:7      | Received a gift from Kikubaaqudgha
  8108 | D:7      | Found Tavvysh's Book Boutique.
  8127 | D:7      | Noticed a komodo dragon
  8261 | D:7      | Found a sand-covered staircase.
  8266 | Ossuary  | Entered an ossuary
  9230 | D:7      | Reached ** piety under Kikubaaqudgha
  9301 | D:7      | Killed a komodo dragon
  9654 | D:7      | You fall into a shaft and drop 1 floor!
  9889 | D:8      | Identified the +1 leather armour "Cypeas" {rPois}
  9944 | D:8      | Reached skill level 9 in Necromancy
 10003 | D:8      | Noticed Joseph
 10024 | D:8      | Killed Joseph
 10025 | D:8      | Gained mutation: Spells you cast may paralyse nearby
                  | enemies. [demonic ancestry]
 10025 | D:8      | Reached XP level 10. HP: 54/79 MP: 1/20
 10630 | D:8      | Noticed a two-headed ogre
 10641 | D:8      | Killed a two-headed ogre
 10874 | D:8      | Learned a level 5 spell: Curse of Agony
 10880 | D:8      | Noticed Jeremiah
 10892 | D:8      | Paralysed by a hornet for 2 turns
 10960 | D:8      | Killed Jeremiah
 11162 | D:8      | Noticed Pikel
 11181 | D:8      | Killed Pikel
 11344 | D:8      | Noticed a deep elf pyromancer
 11351 | D:8      | Killed a deep elf pyromancer
 11352 | D:8      | Reached skill level 10 in Necromancy
 11652 | D:9      | Identified the +7 chain mail "Igiq" {Slay+3}
 11745 | D:9      | Found a flagged portal.
 11759 | Bailey   | Entered a bailey
 11794 | Bailey   | Noticed an orc knight
 11915 | D:9      | Reached *** piety under Kikubaaqudgha
 11915 | D:9      | Received a gift from Kikubaaqudgha
 12023 | D:9      | Noticed Erolcha
 12041 | D:9      | HP: 4/80 [something (32)]
 12044 | Abyss:1  | Cast into level 1 of the Abyss (Erolcha)
 12059 | Abyss:1  | Noticed a green death
 12175 | Abyss:1  | Noticed a smoke demon
 12192 | Abyss:2  | Noticed a large abomination
 12198 | D:9      | Escaped the Abyss
 12200 | D:9      | Killed Erolcha
 13091 | D:9      | Gained mutation: Your touch may irresistibly damage your
                  | foes and sap their willpower. [demonic ancestry]
 13091 | D:9      | Reached XP level 11. HP: 57/78 MP: 16/23
 13296 | D:9      | Noticed a catoblepas
 13704 | D:10     | Entered Level 10 of the Dungeon
 15057 | D:10     | Noticed Tripartite's ghost (novice HuCA)
 15057 | D:10     | Noticed a two-headed ogre
 15057 | D:10     | Identified the +10 dire flail of the Lamprey {drain, +Blink
                  | Str-4 Int+3}
 15057 | D:10     | Identified the +9 great mace of Toxep {holy, Str+3 Dex+4}
 15057 | D:10     | Noticed a two-headed ogre
 15069 | D:10     | Found a transporter.
 15072 | D:10     | Noticed a two-headed ogre
 15073 | D:10     | Noticed a two-headed ogre
 15119 | D:10     | Reached skill level 11 in Necromancy
 15506 | D:10     | Noticed a two-headed ogre
 15515 | D:10     | Killed a two-headed ogre
 15729 | D:10     | Found a staircase to the Lair.
 15869 | D:10     | Reached **** piety under Kikubaaqudgha
 17756 | D:12     | Noticed a centaur warrior
 18343 | D:11     | Killed a centaur warrior
 18598 | D:12     | Found a staircase to the Orcish Mines.
 18789 | D:11     | Learned a level 4 spell: Dispel Undead
 18794 | D:11     | Learned a level 4 spell: Anguish
 19013 | D:12     | Reached XP level 12. HP: 97/97 MP: 20/25
 19315 | D:12     | Reached skill level 10 in Fighting
 19709 | D:12     | Gained mutation: Your health recovers twice as slowly from
                  | being drained. [a neqoxec]
 19710 | D:12     | Gained mutation: Your body sometimes deteriorates upon
                  | taking damage. [a neqoxec]
 19719 | D:12     | Gained mutation: Your body often deteriorates upon taking
                  | damage. [a neqoxec]
 20040 | D:12     | Reached skill level 12 in Necromancy
 20151 | D:12     | Noticed a two-headed ogre
 20157 | D:12     | Killed a two-headed ogre
 20957 | D:12     | HP: 3/98 [manticore (7)]
 20962 | D:12     | Slain by a manticore

Illustrated notes

Levels and vault maps discovered:
D:1:      matt_arrival_diagonals, layout_rooms,
          shapermc_ecumenical_altar_mp_ritualfount
D:2:      layout_loops_ring, chequers_serial_rivers_small_b, minmay_crystal_room
D:3:      layout_basic, nicolae_overflow_hallway_of_the_gods
D:4:      layout_layer_cave, minmay_misc_feat_rugged, uniq_robin, uniq_eustachio
D:5:      layout_basic, minmay_temple_entry_tees, uniq_duvessa
D:6:      layout_basic, minmay_misc_feat_pillars
D:7:      minmay_clustersquares, layout_cave_pools, enter_ossuary_5,
          serial_shops, shop
D:8:      layout_cave_pools, glass_columns_b, dk_noncrumbling_3,
          guppyfry_early_elven_hall, uniq_joseph, uniq_pikel, uniq_jeremiah
D:9:      layout_irregular_city, enter_bailey_3, lightli_corner_chamber,
          uniq_erolcha
D:10:     layout_basic, hellmonk_lair_entry_icy, gammafunk_ghost_smash
D:11:     layout_loops_ring
D:12:     layout_loops_ring, david_orc_2, uniq_josephine
Temple:   jpeg_temple_clearing

Skill      XL: |  1  2  3  4  5  6  7  8  9 10 11 12 |
---------------+-------------------------------------+-----
Dodging        | 2 3 4 5 6 8 9 |  9.7
Stealth        | 2 |  2.0
Fighting       | 1 2 3 4 5 7 8 9 10 | 10.3
Necromancy     | 5 6 7 9 10 11 12 | 12.2
Spellcasting   | 3 4 5 6 8 9 |  9.8

Action                     |  1- 3 |  4- 6 |  7- 9 | 10-12 || total
---------------------------+-------+-------+-------+-------++-------
  Melee: Flail             |     4 |       |       |       ||     4
         Dagger            |    12 |       |       |       ||    12
         Spear             |       |    14 |   169 |    89 ||   272
         Punch             |       |     1 |     4 |     6 ||    11
         Touch             |       |     1 |    41 |    77 ||   119
         Falchion          |       |       |       |   244 ||   244
   Cast: Necrotise         |    64 |    83 |    88 |    65 ||   300
         Vampiric Draining |       |    10 |    80 |   131 ||   221
         Animate Dead      |       |       |     1 |     4 ||     5
         Curse of Agony    |       |       |       |     8 ||     8
         Dispel Undead     |       |       |       |     1 ||     1
  Evoke: Wand              |       |       |       |     2 ||     2
    Use: Scroll            |       |       |       |    11 ||    11
         Potion            |       |       |       |     4 ||     4
   Stab: Paralysed         |       |     4 |    33 |    64 ||   101
         Distracted        |       |       |     1 |       ||     1
 Armour: Robe              |    25 |    29 |       |       ||    54
         Leather armour    |       |     7 |   183 |   395 ||   585
  Dodge: Dodged            |    30 |    56 |   194 |   327 ||   607
